 Dungeon Crawl Stone Soup version 0.21.1-1-g345015fe64 (webtiles) character file.

245 KleinerIrrer the Chopper (level 5, -4/46 HPs)
             Began as a Deep Dwarf Fighter on Apr 12, 2018.
             Slain by an ogre
             ... wielding a +0 giant spiked club
              (11 damage)
             ... on level 4 of the Dungeon.
             The game lasted 00:00:38 (2227 turns).

KleinerIrrer the Chopper (Deep Dwarf Fighter)       Turns: 2227, Time: 00:00:40

Health: -4/46      AC:  6    Str: 20    XL:     5   Next: 83%
Magic:  2/2        EV: 10    Int:  9    God:
Gold:   145        SH:  9    Dex: 12    Spells: 4/4 levels left

rFire    + + .     SeeInvis .   Y - +1 war axe
rCold    . . .     Gourm    .   c - +0 shield
rNeg     . . .     Faith    .   b - +0 scale mail
rPois    .         Spirit   .   (no helmet)
rElec    .         Reflect  .   (no cloak)
rCorr    .         Harm     .   (no gloves)
MR       .....                  (no boots)
Stlth    ..........             (no amulet)
HPRegen  0.00/turn              e - ring of protection from fire
MPRegen  0.08/turn              m - ring of protection from fire

@: about to teleport, non-regenerating
A: damage resistance, heal wounds, repulsion field 2, high mp 1, sense
surroundings 1, no regeneration
a: Heal Wounds


You were on level 4 of the Dungeon.
You were not hungry.

You visited 1 branch of the dungeon, and saw 4 of its levels.

You collected 145 gold pieces.


Innate Abilities, Weirdness & Mutations

You are resistant to damage.
You can heal yourself by infusing magical energy.
You passively map a small area around you.
You do not regenerate.
You are surrounded by a moderate repulsion field. (EV +3)
You have an increased reservoir of magic. (+10% MP)


   Skills:
 - Level 2.6 Fighting
 + Level 6.6 Axes
 - Level 3.2 Armour
 - Level 1.1 Dodging
 - Level 3.2 Shields


You had 4 spell levels left.
You didn't know any spells.

Inventory:

Hand Weapons
 i - a +0 flail
 Y - a +1 war axe (weapon)
Armour
 b - a +0 scale mail (worn)
 c - a +0 shield (worn)
Jewellery
 a - an uncursed ring of resist corrosion
 e - a ring of protection from fire (left hand)
 m - a ring of protection from fire (right hand)
Scrolls
 g - 2 scrolls of remove curse
 p - a scroll of identify
Potions
 d - 3 potions of might
 j - a potion of curing
 k - a potion of mutation
 l - a potion of cancellation {unknown}
 o - a potion of lignification {unknown}
 q - a potion of flight {unknown}
 s - a potion of agility {unknown}
Comestibles
 f - 6 rations
 h - a chunk of flesh

Dungeon Overview and Level Annotations

Branches:
Dungeon (4/15)
 Temple: D:4-7

Altars:


Message History

You kill the quokka!
You barely miss the ogre.
The ogre hits you with a giant spiked club!
2222 ||| INVOKING Heal Wounds.
Your magical essence is drained by the effort!
You feel much better.
The ogre hits you with a giant spiked club.
You barely miss the ogre.
The ogre hits you with a giant spiked club!
You completely miss the ogre. The ogre closely misses you.
Your shield and scale mail prevent you from hitting the ogre.
You slash the ogre!
The ogre is moderately wounded.
The ogre hits you with a giant spiked club!!
2227 ||| READING scroll of teleportation.
As you read the scroll of teleportation, it crumbles to dust.
You feel strangely unstable.
The ogre hits you with a giant spiked club!
You die...

*#.....######## *
##.....########.#
#......'......#.#
*,,
#......######.#.#
*,, *,#......#
#.#.#, ,*
#......# #.#.# *
* #......#
#.#.###.##
#......#
#.#......., *
,#....).#
#.@O...[#
#.###### *
###..#### , , , *
..# * , , , ,
,..#*, , , ,... ,
, .#.# * * * , *
.#.# , , , ...# ,
*


You could see an ogre.

Vanquished Creatures
  The ghost of Delanovic the Poker, an amateur MfSk (D:3)
  A scorpion (D:4)
  2 adders
  3 gnolls
  3 worms
  A leopard gecko (D:1)
  7 giant cockroaches
  6 goblins
  8 hobgoblins
  4 jackals (D:2)
  A quokka (D:4)
  2 ball pythons
  7 bats
  2 frilled lizards (D:1)
  3 kobolds
  9 rats
60 creatures vanquished.

Notes
Turn   | Place    | Note
-------+----------+-------------------------------------------
     0 | D:1      | KleinerIrrer the Deep Dwarf Fighter began the quest for the Orb.
     0 | D:1      | Reached XP level 1. HP: 20/20 MP: 1/1
     0 | D:1      | 0 ||| counter = 72
    77 | D:1      | Reached skill level 3 in Axes
    77 | D:1      | Reached XP level 2. HP: 25/27 MP: 2/2
   104 | D:1      | 104 ||| DROPPING club.
   220 | D:1      | Reached skill level 1 in Dodging
   302 | D:1      | Reached XP level 3. HP: 25/33 MP: 3/3
   468 | D:1      | 468 ||| READING scroll labeled MOHIETUEGG.
   471 | D:1      | 471 ||| READING 3 scrolls labeled ITIEZI EWEQAT.
   472 | D:1      | 472 ||| UPGRADING to flail.
   473 | D:1      | 473 ||| SWAPPING to +0 war axe.
   474 | D:1      | 474 ||| UPGRADING to moonstone ring.
   475 | D:1      | 475 ||| UPGRADING to onyx ring.
   476 | D:1      | 476 ||| REMOVING ring of fire.
   477 | D:1      | 477 ||| READING scroll labeled LIBRUL ZUWAHE.
   508 | D:2      | 508 ||| STAIRDANCE
   669 | D:2      | Reached skill level 4 in Axes
   707 | D:2      | 707 ||| INVOKING Heal Wounds.
  1082 | D:2      | Reached XP level 4. HP: 35/40 MP: 3/3
  1281 | D:2      | 1281 ||| UPGRADING to ring of protection from fire.
  1282 | D:2      | 1282 ||| DROPPING ring of fire.
  1283 | D:2      | 1283 ||| READING scroll labeled ENIERA JUPABUW.
  1284 | D:2      | 1284 ||| READING scroll labeled BUEVVUOZOSK.
  1285 | D:2      | 1285 ||| READING scroll labeled ASHUIWN GOMIUK.
  1286 | D:2      | 1286 ||| READING scroll labeled PEJER HICEWNOA.
  1287 | D:2      | 1287 ||| DRINKING 2 inky potions.
  1287 | D:2      | Gained mutation: You are surrounded by a mild repulsion field. (EV +2) [potion of mutation]
  1287 | D:2      | Gained mutation: You are surrounded by a moderate repulsion field. (EV +3) [potion of mutation]
  1287 | D:2      | Gained mutation: You have an increased reservoir of magic. (+10% MP) [potion of mutation]
  1384 | D:3      | Noticed Delanovic's ghost (amateur MfSk)
  1397 | D:3      | 1397 ||| INVOKING Heal Wounds.
  1408 | D:3      | Killed Delanovic's ghost
  1408 | D:3      | Reached skill level 5 in Axes
  1408 | D:3      | Reached XP level 5. HP: 44/46 MP: 3/3
  2139 | D:3      | 2139 ||| UPGRADING to notched golden ring.
  2141 | D:3      | 2141 ||| UPGRADING to ring of protection from fire.
  2143 | D:3      | 2143 ||| READING scroll labeled SOUCKI USUVIRI.
  2144 | D:3      | 2144 ||| READING 2 scrolls labeled CUIHOT UPP.
  2145 | D:3      | 2145 ||| READING 2 scrolls of identify.
  2145 | D:3      | 2145 ||| IDENTIFYING sapphire potion
  2146 | D:3      | 2146 ||| DROPPING scroll of fear.
  2175 | D:4      | Reached skill level 6 in Axes
  2217 | D:4      | Noticed an ogre
  2222 | D:4      | 2222 ||| INVOKING Heal Wounds.
  2226 | D:4      | HP: 7/46 [ogre/giant spiked club (18)]
  2227 | D:4      | 2227 ||| READING scroll of teleportation.
  2227 | D:4      | Slain by an ogre

Vault maps used:
D:1:      minmay_arrival_wavy_path
D:2:      serial_forest, infiniplex_forest_straight_4, infiniplex_forest_end_2,
          infiniplex_forest_corner_2, infiniplex_forest_lined_corner,
          infiniplex_forest_clump_large, infiniplex_forest_end_2,
          infiniplex_forest_split, first_ration
D:3:      minmay_misc_feat_columns, serial_bayou_pond_d
D:4:      lemuel_coloured_pillars_altar, serial_park_tiny_pond

Skill      XL: |  1  2  3  4  5 |
---------------+----------------+-----
Axes           | 3 4 5 6 |  6.6
Dodging        | 1 |  1.1
Fighting       | |  2.6
Armour         | |  3.2
Shields        | |  3.2

Action                   |  1- 3 |  4- 6 || total
-------------------------+-------+-------++-------
Melee: War axe           |   139 |    80 ||   219
 Abil: Heal Wounds       |     1 |     2 ||     3
  Use: Scroll            |     3 |     8 ||    11
       Potion            |       |     1 ||     1
  Eat: Chunk             |     1 |     4 ||     5
Armor: Scale mail        |    58 |    23 ||    81
Dodge: Dodged            |    51 |    27 ||    78
Block: Shield            |    61 |    30 ||    91

Table legend:
 A = Spawn XP
 B = Non-spawn XP
 C = Spawn XP percentage of total XP
 D = Spawn monster count
 E = Non-spawn monster count
 F = Spawn count percentage of total count
 G = Total turns spent on level
                    A         B        C        D         E        F      G
               +---------+---------+-------+---------+---------+-------+---------
         Total |       0 |     350 |   0.0 |       0 |      60 |   0.0 |  2227
               +---------+---------+-------+---------+---------+-------+---------
           D:1 |       0 |      51 |   0.0 |       0 |      26 |   0.0 |   510
           D:2 |       0 |      46 |   0.0 |       0 |      18 |   0.0 |   830
           D:3 |       0 |     150 |   0.0 |       0 |      12 |   0.0 |   824
           D:4 |       0 |     103 |   0.0 |       0 |       4 |   0.0 |    63
               +---------+---------+-------+---------+---------+-------+---------
